AoeStats
← tomi93339

Fortress

510195351Analyzed
2v2 RM · 3d ago on Sep 29, 2026· 87m 59s· 4 players
Game mode
Random Map
Map size
Normal (6 player)
Population
200
Speed
Normal
Resources
Standard
Victory
Conquest
Starting age
Dark Age
Ending age
Imperial Age
RankedLock teamsTeams togetherTeam positionsShared explorationLock speedFull tech treeHidden civsTurbo modeCheats
Victory
Defeat
🇨🇦 Bohemians · Canada
1233
+12
🇨🇦 Varangians · Canada
999
+22
🇦🇷 Turks · Argentina
1148
-17
🇦🇷 Danes · Argentina
1131
-17
HeyZeusHayden
8:16 Feudal Age
12:36 Castle Age
10:27 Double-Bit Axe
10:25 Horse Collar
16:23 Bow Saw
16:08 Fletching
16:10 Loom
17:10 Heavy Plow
18:08 Wheelbarrow
19:36 Padded Archer Armor
20:34 Bodkin Arrow
20:06 Crossbowman
20:48 Town Watch
21:20 Masonry
22:40 Hand Cart
22:54 Leather Archer Armor
23:34 Ballistics
25:36 Chemistry
26:04 Murder Holes
29:48 Imperial Age
27:31 Pikeman
28:11 Squires
27:57 Arson
28:13 Scale Mail Armor
28:24 Forging
29:38 Chain Mail Armor
30:32 Iron Casting
29:54 Arbalester
31:06 Ring Archer Armor
31:41 Town Patrol
31:43 Bracer
31:26 Man-at-Arms
31:29 Halberdier
33:13 Plate Mail Armor
33:52 Conscription
35:53 Blast Furnace
36:54 Two-Man Saw
37:33 Architecture
37:08 Siege Engineers
37:38 Man-at-Arms
40:29 Elite Skirmisher
45:11 Caravan
45:43 Hussite Reforms
47:45 Man-at-Arms
49:34 Man-at-Arms
52:53 Houfnice
56:12 Long Swordsman
61:38 Long Swordsman
65:17 Scale Barding Armor
67:25 Light Cavalry
68:06 Husbandry
68:28 Chain Barding Armor
82:09 Capped Ram
Towel
1:09 Loom
10:20 Feudal Age
10:53 Double-Bit Axe
10:51 Horse Collar
11:03 Gold Mining
11:04 Stone Mining
16:08 Castle Age
16:23 Vendel Legacy
18:11 Forging
18:06 Scale Barding Armor
18:57 Bow Saw
20:19 Iron Casting
20:05 Chain Barding Armor
20:00 Gambesons
25:08 Heavy Plow
25:46 Stone Shaft Mining
31:50 Scale Mail Armor
33:04 Caravan
33:40 Elite Skirmisher
33:44 Pikeman
34:25 Squires
35:26 Wheelbarrow
38:57 Imperial Age
39:03 Imperial Age
38:17 Chain Mail Armor
37:56 Fletching
39:53 Elite Jarl
48:49 Cranequins
50:12 Vendel Legacy
54:15 Gothikon
54:36 Elite Varangian Guard
61:14 Husbandry
60:35 Cavalier
61:27 Bloodlines
62:30 Coinage
62:11 Guilds
71:15 Halberdier
73:06 Blast Furnace
72:21 Chain Mail Armor
72:07 Padded Archer Armor
78:56 Banking
tomi93339
10:50 Feudal Age
14:32 Castle Age
12:37 Horse Collar
12:50 Double-Bit Axe
13:00 Gold Mining
16:30 Forging
16:20 Scale Mail Armor
21:04 Loom
30:37 Wheelbarrow
30:21 Town Watch
32:23 Hand Cart
32:08 Town Patrol
35:06 Imperial Age
33:35 Heavy Plow
33:54 Bow Saw
34:46 Gold Shaft Mining
34:01 Stone Mining
34:46 Gold Shaft Mining
34:01 Stone Mining
34:09 Hamask
35:28 Town Patrol
35:31 Fletching
35:41 Padded Archer Armor
36:16 Iron Casting
35:57 Chain Mail Armor
36:00 Elite Skirmisher
37:01 Bodkin Arrow
37:21 Leather Archer Armor
37:37 Conscription
40:30 Elite Jomsviking
69:21 Caravan
75:14 Ballistics
74:44 Heated Shot
75:58 Chemistry
85:27 Blast Furnace
84:57 Plate Mail Armor
85:28 Blast Furnace
84:28 Bracer
84:58 Ring Archer Armor
84:28 Bracer
84:58 Ring Archer Armor
84:17 Pikeman
84:57 Squires
86:14 Halberdier
Drakath6696
7:54 Feudal Age
9:35 Double-Bit Axe
12:04 Castle Age
9:54 Horse Collar
12:07 Loom
13:06 Bow Saw
14:58 Heavy Plow
22:30 Wheelbarrow
21:40 Town Watch
26:28 Imperial Age
26:38 Imperial Age
24:58 Husbandry
25:12 Forging
25:10 Scale Barding Armor
26:03 Town Watch
27:11 Bloodlines
27:54 Iron Casting
29:05 Ballistics
30:13 Blast Furnace
29:56 Fletching
30:52 Gold Mining
30:53 Stone Mining
32:38 Two-Man Saw
34:50 Chain Barding Armor
35:48 Conscription
38:21 Elite Janissary
41:54 Hand Cart
41:45 Bodkin Arrow
42:37 Plate Barding Armor
45:03 Bracer
47:49 Padded Archer Armor
55:23 Artillery
67:02 Town Patrol
Connection lost

Rejoining the realm…

Still unreachable

The connection could not be restored.

Session expired

The server has moved on; the page needs a fresh start.